 Dungeon Crawl Stone Soup version 0.26-a0-259-g1effd001a9 (webtiles) character file.

Game seed: 4722197424969328883

160 sanka the Caller (level 5, -3/33 HPs)
             Began as a Halfling Summoner on July 19, 2020.
             Killed from afar by a white imp (5 damage)
             ... with a puff of frost
             ... summoned by Natasha
             ... on level 2 of the Dungeon.
             The game lasted 00:04:57 (2663 turns).

sanka the Caller (Halfling Summoner)                Turns: 2663, Time: 00:04:58

Health: -3/33      AC:  2    Str:  9    XL:     5   Next: 69%
Magic:  3/8        EV: 16    Int: 13    God:
Gold:   49         SH:  0    Dex: 16    Spells: 5/8 levels left

rFire    . . .     SeeInvis .   d - +0 short sword
rCold    + . .     Faith    .   (shield restricted)
rNeg     . . .     Spirit   .   a - +0 robe
rPois    .         Reflect  .   (no helmet)
rElec    .         Harm     .   (no cloak)
rCorr    .                      (no gloves)
MR       .....                  (no boots)
Stlth    ++........             (no amulet)
HPRegen  0.11/turn              n - ring of protection from cold
MPRegen  0.11/turn              (no ring)

@: no status effects
A: small, mutation resistance 1
a: no special abilities


You were on level 2 of the Dungeon.
You were not hungry.

You visited 1 branch of the dungeon, and saw 2 of its levels.

You collected 49 gold pieces.


Innate Abilities, Weirdness & Mutations

You are small and have problems with some larger weapons.
You are somewhat resistant to further mutation.


   Skills:
 + Level 1.6 Fighting
 + Level 3.8 Dodging
 - Level 3.0 Stealth
 - Level 2.0 Spellcasting
 - Level 4.0 Summonings


You had 5 spell levels left.
You knew the following spells:

 Your Spells              Type           Power        Failure   Level
x - Call Imp              Summ           ##......     8%          2
z - Summon Small Mammal   Summ           ##..         4%          1

Your spell library contained the following spells:

 Spells                   Type           Power        Failure   Level
 Call Canine Familiar     Summ           ##......     14%         3
 Summon Guardian Golem    Hex/Summ       #.......     32%         3
 Summon Ice Beast         Ice/Summ       #.......     73%         4
 Summon Lightning Spire   Summ/Air       #.......     73%         4

Inventory:

Hand Weapons
 d - a +0 short sword (weapon)
Missiles
 o - 2 throwing nets {=f}
 q - 16 poisoned darts (quivered)
Armour
 a - a +0 robe (worn)
Jewellery
 n - a ring of protection from cold (left hand)
Scrolls
 e - 2 scrolls of remove curse {unknown}
 f - a scroll of immolation {unknown}
 g - a scroll of teleportation {unknown}
 h - a scroll of fear {unknown}
 j - 3 scrolls of identify {unknown}
 k - a scroll of noise {unknown}
Potions
 b - a potion of heal wounds {@q2}
 i - a potion of flight {unknown}
 l - a potion of might {unknown}
 m - 2 potions of invisibility {unknown}
 p - a potion of stabbing {unknown}
Comestibles
 c - 6 rations

Dungeon Overview and Level Annotations

Branches:
Dungeon (2/15)

Altars:

Annotations:
D:2 Natasha

....▒ .▒ ..▒▒▒ ... ▒▒▒▒
..▒ ▒.. ..▒ ..▒
▒.▒▒▒▒▒.▒ ..▒
▒....▒▒.▒▒▒▒▒▒ ..▒▒▒▒▒▒
▒.▒▒.▒▒......▒
.......▒▒▒▒..........£.▒
.....<.......▒.........▒
.......▒▒▒▒.....p......▒
....▒▒▒▒ ▒▒...5h5......▒
..▒.▒ ▒........▒▒▒▒▒▒
..▒.▒ ▒........▒ ..▒.▒
▒.>......▒ ..▒.▒
▒........▒ ....▒▒▒▒
▒.....(....
▒▒▒▒▒▒.▒▒▒.▒▒▒.▒....
▒▒▒▒▒.▒.▒▒. ......


You could see Natasha, a white imp (summoned) and a friendly crimson imp
(summoned).


Message History

Natasha claws your crimson imp.
You closely miss Natasha.
Your crimson imp closely misses Natasha.
Natasha closely misses you.
Unknown command.
Unknown command.
You closely miss Natasha. Natasha claws you!
* * * LOW HITPOINT WARNING * * *
The white imp hits your crimson imp but does no damage.
Your crimson imp misses Natasha.
Natasha claws you.
* * * LOW HITPOINT WARNING * * *
Unknown command.
You closely miss Natasha.
Your crimson imp hits Natasha.
Natasha closely misses you.
Unknown command.
You hit Natasha.
Natasha is moderately wounded.
Natasha claws you.
* * * LOW HITPOINT WARNING * * *
Unknown command.
You hit Natasha but do no damage.
Natasha is moderately wounded.
Natasha misses you. The white imp gestures at you. The puff of frost hits you.
You resist.
You die...

Action                   |  1- 3 |  4- 6 || total
-------------------------+-------+-------++-------
Melee: Unarmed           |    23 |       ||    23
       Short sword       |    73 |    62 ||   135
Throw: Dart              |       |     2 ||     2
 Cast: Call Imp          |     5 |    19 ||    24
  Use: Potion            |       |     1 ||     1
 Stab: Sleeping          |     5 |     2 ||     7
       Distracted        |       |     1 ||     1
  Eat: Ration            |     1 |     1 ||     2
Armor: Robe              |    37 |     2 ||    39
Dodge: Dodged            |   104 |    57 ||   161

Levels and vault maps discovered:
D:1:      wander_arrival_peaceful_grave, layout_basic
D:2:      layout_loops_cross, grunt_ministairs_11, uniq_natasha, uniq_jessica

Notes
Turn   | Place    | Note
-------+----------+-------------------------------------------
     0 | D:1      | sanka the Halfling Summoner began the quest for the Orb.
     0 | D:1      | Reached XP level 1. HP: 11/11 MP: 3/3
   241 | D:1      | Reached XP level 2. HP: 17/17 MP: 4/4
   250 | D:1      | Learned a level 2 spell: Call Imp
   796 | D:1      | Reached XP level 3. HP: 21/21 MP: 5/5
  1034 | D:2      | Reached skill level 3 in Stealth
  1034 | D:2      | Reached skill level 2 in Spellcasting
  1249 | D:2      | Noticed a bullfrog
  1263 | D:2      | Killed a bullfrog
  1263 | D:2      | Reached skill level 3 in Dodging
  1263 | D:2      | Reached XP level 4. HP: 11/27 MP: 1/7
  1499 | D:2      | Reached skill level 4 in Summonings
  1656 | D:2      | Noticed Jessica
  1673 | D:2      | Killed Jessica
  1682 | D:2      | Reached XP level 5. HP: 26/32 MP: 8/8
  1877 | D:2      | Reached skill level 1 in Fighting
  1895 | D:2      | HP: 3/33 [poisoned by an adder]
  2147 | D:2      | HP: 1/33 [jackal (3)]
  2629 | D:2      | Noticed Natasha
  2640 | D:2      | Killed Natasha
  2652 | D:2      | Noticed Natasha
  2662 | D:2      | HP: 2/33 [Natasha (4)]
  2663 | D:2      | Killed from afar by a white imp

Vanquished Creatures
  A gnoll (D:2)
  An adder (D:2)
  An ooze (D:1)
  2 dart slugs
  A worm (D:2)
  2 leopard geckos
  3 goblins (D:1)
  2 hobgoblins (D:1)
  2 jackals
  6 bats
  4 frilled lizards
  2 rats (D:2)
27 creatures vanquished.

Vanquished Creatures (collateral kills)
  A bullfrog (D:2)
  Jessica (D:2)
  Natasha (D:2)
  3 gnolls (D:2)
  2 adders (D:2)
  A dart slug (D:1)
  A leopard gecko (D:2)
  A hobgoblin (D:1)
  6 jackals
  A kobold (D:2)
  A frilled lizard (D:1)
19 creatures vanquished.

Grand Total: 46 creatures vanquished
